 BcadrenCrawl: Boulder Brew version 0.06-272-g04a409949d (webtiles) character file.

Game seed: 4661638404589658024, levelgen mode: deterministic

58 CalmDownMonkey the Stinger (level 4, 25/25 HPs) Gargoyle Venom Mage. Began on Apr 17, 2022. Quit the game on level 2 of the Dungeon on Aug 30, 2022. The game lasted 00:10:20 (1042 turns).

CalmDownMonkey the Stinger (Gargoyle Venom Mage)    Turns: 1042, Time: 00:10:21

Health: 25/25      AC:  4    Str: 12    XL:     4 ^: 82
Magic:  7/7        EV: 11    Int: 16    God:
Gold:   58         SH:  1    Dex: 10    Spells: 2/8 levels left

rFire    . . .     Slash    .   i - +0 buckler
rCold    . . .     Pierce   .   e - +0 short sword
rNeg     + . .     Bludgeon .   a - +0 robe
rCorr    . . .     Vision   .   (no helmet)
rPois    ∞         Gourm    .   (no cloak)
rElec    +         Faith    .   (no gloves)
MR       .....     Spirit   .   (no boots)
HPRegen  0.18/turn Reflect  .   (no amulet)
MPRegen  0.17/turn Harm     .   (no ring)
Stlth    +.........             (no ring)

@: very slow
A: negative energy resistance 1, electricity resistance, unbreathing,
petrification resistance, rot immunity, AC +2
a: no special abilities


You were on level 2 of the Dungeon.
You were hungry.

You visited 1 branch of the dungeon, and saw 2 of its levels.

You collected 58 gold pieces.

Inventory:

Weapons
 d - a +0 dagger
 e - a +0 short sword (weapon)
 g - a +0 club Shields
 i - a +0 buckler (shield)
Armour
 a - a +0 robe (worn)
 j - a +0 plate armour
Scrolls
 b - 3 scrolls of teleportation
 f - a scroll of blinking
Potions
 h - a potion of curing
Comestibles
 c - 5 rations


   Skills:
 + Level 1.2 Fighting
 - Level 0.7 Dodging
 - Level 2.2 Stealth
 + Level 0.7 Shields
 - Level 0.1 Unarmed Combat
 + Level 2.5 Spellcasting
 + Level 1.3 Air Magic
 + Level 3.6 Poison Magic


You had 2 spell levels left.
You knew the following spells:

 Your Spells              Type           Power        Failure   Level  Hunger
a - Poisonous Vapours Pois/Air 9 (50) 11% 1 0-20 b - Sting Pois 13 (25) 11% 2 40-80 c - Mephitic Cloud Pois/Air       9 (100)      32%         3    80-140

Your spell library contained the following spells:

 Spells                   Type           Power        Failure   Level  Hunger
 Olgreb's Toxic Radiance Pois 13 (100) 56% 4 160-260 Ignite Poison Fire/Tmut      2 (100)      65%         3    80-140


Dungeon Overview and Level Annotations

Branches:
Dungeon (2/8)

Altars:


Innate Abilities, Weirdness & Mutations

You are resistant to torment.
Your stone body is resilient. (AC +2)
You are immune to poison.
You resist negative energy. (rN+)
You are resistant to electric shocks. (rElec)
You can survive without breathing.
You are immune to petrification.
You are immune to rotting.


Message History

You start memorising the spell.
You continue memorising. x2
You finish memorising.
Spell assigned to 'b'.
Memorise Mephitic Cloud, consuming 3 spell levels and leaving 2?
You start memorising the spell.
You continue memorising. x3
You finish memorising.
Spell assigned to 'c'.
Welcome back, CalmDownMonkey the Gargoyle Venom Mage.
Press ? for a list of commands and other information.
Unknown command.
Unknown command.
Welcome back, CalmDownMonkey the Gargoyle Venom Mage.
Press ? for a list of commands and other information.
You enter the shallow water.
Moving in this stuff is going to be slow.
The slimehead bites the withered plant (3).
It resists.
You swap places.
A giant cockroach comes into view.
Saving game... please wait.
Welcome back, CalmDownMonkey the Gargoyle Venom Mage.
Press ? for a list of commands and other information.
Are you sure you want to abandon this character and quit the game? (Confirm with "yes".)

#### #≈..###
#.≈<# .
###;######...
PPPP≈≈≈≈.≈≈≈s..
≈≈P≈≈≈≈≈@≈≈≈≈≈b≈
≈≈≈≈≈≈≈≈≈≈≈≈≈≈≈≈
≈≈≈≈≈.....≈≈≈≈≈≈≈
.≈≈PP.≈.≈≈.≈≈≈≈≈≈
≈≈P≈≈≈..≈≈≈≈≈PPP.
≈P≈b≈≈.≈≈≈≈≈≈≈P≈P
≈≈≈≈≈≈≈≈≈≈≈≈≈≈ ≈
≈≈≈≈.≈≈≈≈≈≈≈≈≈


You could see a giant cockroach and a neutral slimehead (wandering) (passive).

Vanquished Creatures
  2 giant cockroaches (D:1)
  An ooze (D:1)
  2 dart slugs (D:1)
  2 goblins (D:1)
  3 hobgoblins (D:1)
  5 kobolds (D:1)
  5 bats (D:1)
  A rat (D:1)
21 creatures vanquished.

Vanquished Creatures (others)
  4 toadstoolion (D:1)
4 creatures vanquished.

Grand Total: 25 creatures vanquished

Notes
Turn   | Place    | Note
-------+----------+-------------------------------------------
     0 | D:1      | CalmDownMonkey the Gargoyle Venom Mage began the quest for
                  | the Orb.
     0 | D:1      | Reached XP level 1. HP: 10/10 MP: 3/3
   166 | D:1      | Reached XP level 2. HP: 15/15 MP: 0/5
   287 | D:1      | Reached skill level 1 in Fighting
   287 | D:1      | Reached skill level 1 in Air Magic
   287 | D:1      | Reached XP level 3. HP: 12/20 MP: 6/6
   812 | D:1      | Reached XP level 4. HP: 8/25 MP: 5/7
  1034 | D:1      | Learned a level 2 spell: Sting
  1038 | D:1      | Learned a level 3 spell: Mephitic Cloud
  1039 | D:2      | Upgraded the game from 0.05.4-52-gbd2e00ed8b to
                  | 0.06-255-ge059bf374d
  1039 | D:2      | Upgraded the game from 0.06-255-ge059bf374d to
                  | 0.06-261-gf966546ea9
  1042 | D:2      | Upgraded the game from 0.06-261-gf966546ea9 to
                  | 0.06-272-g04a409949d
  1042 | D:2      | Quit the game

Levels and vault maps discovered:
D:1:      ldierk_walled_garden_2, layout_basic, first_ration, minmay_hedge_maze,
          chequers_mini_garden
D:2:      layout_sewer, minmay_gold_behind_fungi, minmay_tromino_v2

Skill      XL: |  1  2 |
---------------+-------+-----
Fighting       | 1 |  1.2
Air Magic      | 1 |  1.3
Dodging        | |  0.7
Stealth        | |  2.2
Shields        | |  0.7
Unarmed Combat | |  0.1
Spellcasting   | |  2.5
Poison Magic   | |  3.6

Action                   |  1- 3 |  4- 6 || total
-------------------------+-------+-------++-------
Melee: Unarmed           |    42 |       ||    42
       Dagger            |    27 |       ||    27
       Short sword       |    57 |     2 ||    59
 Cast: Poisonous Vapours |    12 |       ||    12
 Stab: Sleeping          |     2 |       ||     2
Armor: Robe              |    64 |       ||    64
Dodge: Dodged            |    18 |       ||    18
Block: Buckler           |     1 |       ||     1
